 Crawl Stoat Soup version 0.23-s2-327-gedf346cc44 (webtiles) character file.

175 Artagas the Shooter (level 5, -3/36 HPs)
             Began as a High Elf Arcane Marksman on Dec 11, 2023.
             Slain by an orc
             ... wielding a +0 dagger
              (5 damage)
             ... on level 4 of the Dungeon.
             The game lasted 00:09:59 (3965 turns).

Artagas the Shooter (High Elf Arcane Marksman)      Turns: 3965, Time: 00:10:00

Health: -3/36      AC:  3    Str: 10    XL:     5   Next: 29%
Magic:  7/7        EV: 13    Int: 17    God:
Gold:   93         SH:  0    Dex: 15    Spells: 1/6 levels left

rFire    . . .     SeeInvis .   a - +0 shortbow
rCold    . . .     Gourm    .   (shield currently unavailable)
rNeg     . . .     Faith    .   f - +1 robe
rPois    .         Spirit   .   (no helmet)
rElec    .         Warding  .   (no cloak)
rCorr    .         Reflect  .   (no gloves)
MR       .....     Harm     .   (no boots)
Stlth    +.........             (no amulet)
HPRegen  0.12/turn              (no ring)
MPRegen  0.10/turn              (no ring)

@: very slightly contaminated, hasted, very quick
A: no striking features
a: no special abilities


You were on level 4 of the Dungeon.
You were hungry.

You visited 1 branch of the dungeon, and saw 4 of its levels.

You collected 93 gold pieces.

Inventory:

Hand Weapons
 a - a +0 shortbow (weapon)
 b - a +1 whip of venom
   (You took it off a gnoll on level 2 of the Dungeon)
 p - a cursed +1 flail
   (You took it off a gnoll on level 2 of the Dungeon)
 w - a cursed -2 short sword
   (You found it on level 4 of the Dungeon)
Missiles
 d - 20 arrows (quivered)
 g - a throwing net
 o - 4 javelins
Armour
 f - a +1 robe (worn)
 l - a +0 ring mail
   (You found it on level 2 of the Dungeon)
Jewellery
 j - an uncursed ring of wizardry {unknown}
   (You found it on level 3 of the Dungeon)
Scrolls
 m - a scroll of enchant armour
Potions
 h - a potion of haste
 i - a potion of magic {unknown}
 k - a potion of flight {unknown}
 n - a potion of berserk rage {unknown}
 q - a potion of curing {unknown}
 r - a potion of might {unknown}
 s - a potion of agility
 t - a potion of mutation {unknown}
 u - a potion of degeneration {unknown}
Comestibles
 c - 4 meat rations
 e - 2 bread rations
 v - a chunk of flesh


   Skills:
 + Level 3.3 Fighting
 + Level 5.0 Bows
 + Level 3.4 Dodging
 - Level 1.2 Spellcasting
 - Level 3.0 Hexes


You had one spell level left.
You knew the following spells:

 Your Spells              Type           Power        Failure   Level  Hunger
a - Slow                  Hex            11/100       10%         2    ###....
b - Portal Projectile     Hex/Tloc       6/50         34%         3    ####...

Your spell library contained the following spells:

 Spells                   Type           Power        Failure   Level  Hunger
 Inner Flame              Hex/Fire       6/100        34%         3    ####...
 Cause Fear               Hex            11/200       52%         4    #####..
 Leda's Liquefaction      Hex/Erth       6/200        75%         4    #####..


Dungeon Overview and Level Annotations

Branches:
Dungeon (4/15)
 Temple: D:4-7

Altars:

Annotations:
D:3 Grinder


Message History

Things that are here:
a falchion; a scale mail; an orc corpse You butcher the orc corpse.
v - 2 chunks of flesh
Things that are here:
a falchion; a scale mail; an orc skeleton Eating one of 2 chunks of flesh.
You eat one of the 2 chunks of flesh.
This raw flesh tastes terrible.
d - 24 arrows (gained 2)
Things that are here:
a trident; a shiny chain mail; an orc corpse
d - 26 arrows (gained 2)
You see here an orc corpse.
d - 27 arrows (gained 1)
An orc comes into view. It is wielding a dagger.
The orc shouts!
You see here an arrow.
You see here a glowing short sword.
w - a glowing short sword A phantom comes into view.
The orc hits you with a dagger.
You barely miss the orc. The orc hits you but does no damage.
You see here an arrow.
You see here an orc corpse.
Things that are here:
a trident; a shiny chain mail; an orc corpse
Things that are here:
a falchion; a scale mail; an orc skeleton
Casting: Slow (safe; 10% risk of failure)
Confirm with . or Enter, or press ? or * to list all spells.
Aiming: Slow (safe; 10% risk of failure)
Press: ? - help, Shift-Dir - straight line, f - phantom
Aim: a phantom (chance to defeat MR: 29%)
The phantom easily resists.
You hear the slow hiss of a distant avalanche of sand.
Casting: Slow (safe; 10% risk of failure)
Confirm with . or Enter, or press ? or * to list all spells.
Aiming: Slow (safe; 10% risk of failure)
Press: ? - help, Shift-Dir - straight line, f/p - phantom
Aim: a phantom (chance to defeat MR: 29%)
The phantom seems to slow down.
You are feeling hungry.
Your +1 whip of venom stops dripping with poison.
a - a +0 shortbow (weapon)
Firing (i - inventory) (/) - cycle)
d - 27 arrows (quivered)
Press: ? - help, Shift-Dir - straight line, f/p - phantom
Aim: a phantom (slow)
You shoot an arrow. The arrow barely misses the phantom.
Firing (i - inventory) (/) - cycle)
d - 26 arrows (quivered)
Press: ? - help, Shift-Dir - straight line, f/p - phantom
Aim: a phantom (slow)
You shoot an arrow. The arrow closely misses the phantom.
Firing (i - inventory) (/) - cycle)
d - 25 arrows (quivered)
Press: ? - help, Shift-Dir - straight line, f/p - phantom
Aim: a phantom (slow)
You shoot an arrow. The arrow closely misses the phantom.
The phantom is no longer moving slowly.
Firing (i - inventory) (/) - cycle)
d - 24 arrows (quivered)
Press: ? - help, Shift-Dir - straight line, f/p - phantom
Aim: a phantom You shoot an arrow.
The arrow barely misses the phantom.
Saving game... please wait.
You hear the hiss of flowing sand.
There is an entrance to an ossuary on this level.
Hurry and find it before the portal is buried!
Welcome back, Artagas the High Elf Arcane Marksman.
Press ? for a list of commands and other information.
Firing (i - inventory) (/) - cycle)
d - 23 arrows (quivered)
Press: ? - help, Shift-Dir - straight line, f - phantom
Aim: a phantom You shoot an arrow.
The arrow hits the phantom!
The phantom is moderately damaged.
The phantom completely misses you.
Firing (i - inventory) (/) - cycle)
d - 22 arrows (quivered)
Press: ? - help, Shift-Dir - straight line, f/p - phantom
Aim: a phantom (moderately damaged)
You shoot an arrow. The arrow hits the phantom.
The phantom is moderately damaged.
The phantom hits you!
The phantom blinks!
You blink.
The phantom barely misses you.
Okay, then.
Okay, then.
You see here an arrow.
d - 22 arrows (gained 1)
The phantom hits you.
* * * LOW HITPOINT WARNING * * *
The phantom blinks!
You blink.
You feel yourself speed up. The phantom hits you!
* * * LOW HITPOINT WARNING * * *
You are very lightly contaminated with residual magic.
Firing (i - inventory) (/) - cycle)
d - 22 arrows (quivered)
Press: ? - help, Shift-Dir - straight line, f - orc
Aim: an orc, wielding a dagger You shoot an arrow.
The arrow hits the orc.
The orc is moderately wounded.
Firing (i - inventory) (/) - cycle)
d - 21 arrows (quivered)
Press: ? - help, Shift-Dir - straight line, f/p - orc
Aim: an orc, wielding a dagger (moderately wounded)
You shoot an arrow. The arrow barely misses the orc.
The orc hits you with a dagger.
You die...

#..#†.# #..#..# #...).#
##.#o## #.#)# #.#W# #.#.#
#.#.############
#.#...(....(o@.#
#.############W###########
#........(.......#
#.####.#########.# #.#
#.#.......#.# #.#
#(#.#####.#.# #.# #.#.#
#.#.# #.####.#.# #<#.#
#......#.#######.#


You could see a phantom and an orc.

Vanquished Creatures
  Terence (D:3)
  Natasha (D:3)
  3 gnolls (D:2)
  2 adders
  2 oozes (D:3)
  A worm (D:2)
  5 dart slugs
  3 orcs (D:4)
  4 bats
  4 giant cockroaches (D:1)
  7 hobgoblins
  4 jackals
  A weasel (D:3)
  2 ball pythons (D:3)
  2 frilled lizards
  4 goblins
  4 kobolds
  6 rats
56 creatures vanquished.

Notes
Turn   | Place    | Note
-------+----------+-------------------------------------------
     0 | D:1      | Artagas the High Elf Arcane Marksman began the quest for
                  | the Orb.
     0 | D:1      | Reached XP level 1. HP: 13/13 MP: 3/3
   133 | D:1      | Reached skill level 3 in Bows
   482 | D:1      | Reached XP level 2. HP: 18/18 MP: 4/4
   929 | D:1      | Reached skill level 2 in Fighting
  1305 | D:1      | Learned a level 2 spell: Slow
  1495 | D:1      | Reached XP level 3. HP: 22/24 MP: 5/5
  1897 | D:1      | Reached skill level 4 in Bows
  2704 | D:2      | Reached XP level 4. HP: 24/30 MP: 2/6
  2995 | D:2      | Learned a level 3 spell: Portal Projectile
  3417 | D:3      | Reached skill level 3 in Dodging
  3425 | D:3      | Noticed Natasha
  3438 | D:3      | Killed Natasha
  3438 | D:3      | Reached skill level 3 in Fighting
  3531 | D:3      | Reached XP level 5. HP: 33/36 MP: 5/7
  3567 | D:3      | Noticed Terence
  3582 | D:3      | Killed Terence
  3730 | D:3      | Reached skill level 5 in Bows
  3762 | D:3      | Noticed Grinder
  3905 | D:4      | Noticed a phantom
  3961 | D:4      | HP: 1/36 [phantom (8)]
  3965 | D:4      | Slain by an orc

Vault maps used:
D:1:      dpeg_arrival_brainrot
D:2:      minmay_split_cup_small
D:3:      first_bread, uniq_terence, uniq_jessica, uniq_natasha, uniq_grinder
D:4:      kennysheep_okawaru_gauntlet, nicolae_ossuary_entry_false_entrances,
          uniq_duvessa

Skill      XL: |  1  2  3  4  5 |
---------------+----------------+-----
Bows           | 3 4 5 |  5.0
Fighting       | 2 3 |  3.3
Dodging        | 3 |  3.4
Spellcasting   | |  1.2
Hexes          | |  3.0

Action                   |  1- 3 |  4- 6 || total
-------------------------+-------+-------++-------
Melee: Unarmed           |   159 |       ||   159
       Whip              |       |    59 ||    59
 Fire: Shortbow          |    84 |    23 ||   107
 Cast: Slow              |     7 |     8 ||    15
  Use: Scroll            |     1 |     4 ||     5
       Potion            |       |     1 ||     1
 Stab: Sleeping          |     1 |       ||     1
  Eat: Chunk             |     4 |     2 ||     6
       Bread ration      |     1 |       ||     1
Armor: Robe              |    36 |    10 ||    46
Dodge: Dodged            |   156 |    37 ||   193

Table legend:
 A = Spawn XP
 B = Non-spawn XP
 C = Spawn XP percentage of total XP
 D = Spawn monster count
 E = Non-spawn monster count
 F = Spawn count percentage of total count
 G = Total turns spent on level
                    A         B        C        D         E        F      G
               +---------+---------+-------+---------+---------+-------+---------
         Total |      17 |     233 |   6.8 |       8 |      48 |  14.3 |  3965
               +---------+---------+-------+---------+---------+-------+---------
           D:1 |      14 |      31 |  31.1 |       6 |      16 |  27.3 |  1647
           D:2 |       3 |      75 |   3.8 |       2 |      13 |  13.3 |  1425
           D:3 |       0 |     118 |   0.0 |       0 |      16 |   0.0 |   702
           D:4 |       0 |       9 |   0.0 |       0 |       3 |   0.0 |   191
               +---------+---------+-------+---------+---------+-------+---------

Vault maps used:
D:1:      dpeg_arrival_brainrot
D:2:      minmay_split_cup_small
D:3:      first_bread, uniq_terence, uniq_jessica, uniq_natasha, uniq_grinder
D:4:      kennysheep_okawaru_gauntlet, nicolae_ossuary_entry_false_entrances,
          uniq_duvessa

Table legend:
 A = Turns spent in this place as a percentage of turns spent in the entire game.
 B = Non-inter-level travel turns spent in this place as a percentage of non-inter-level travel turns spent in the entire game.
 C = Inter-level travel turns spent in this place as a percentage of turns spent in this place.
 D = Turns resting spent in this place as a percentage of non-inter-level travel turns spent in this place.
 E = Turns spent auto-exploring this place as a percentage of non-inter-level travel turns spent in this place.
 F = Non-inter-level travel turns spent in this place divided by the number of levels of this place that you've seen.
                   A       B       C       D       E      F
               +-------+-------+-------+-------+-------+----------------------
         Total | 100.0 | 100.0 |   3.6 |  16.6 |  59.7 | 955.2
       Dungeon | 100.0 | 100.0 |   3.6 |  16.6 |  59.7 | 955.2
               +-------+-------+-------+-------+-------+----------------------

Table legend:
 A = Kills in this place as a percentage of kills in entire the game.
 B = Kills by you in this place as a percentage of kills by you in the entire game.
 C = Kills by friends in this place as a percentage of kills by friends in the entire game.
 D = Other kills in this place as a percentage of other kills in the entire game.
 E = Experience gained in this place as a percentage of experience gained in the entire game.
 F = Experience gained in this place divided by the number of levels of this place that you have seen.
                   A       B       C       D       E      F
               +-------+-------+-------+-------+-------+----------------------
         Total | 100.0 | 100.0 |   N/A |   N/A | 100.0 |  62.5
       Dungeon | 100.0 | 100.0 |   N/A |   N/A | 100.0 |  62.5
               +-------+-------+-------+-------+-------+----------------------
